AoeStats
← OnagerParty

Scandinavia

511015653Analyzed
1v1 RM · 10d ago on Oct 3, 2026· 42m 58s· 2 players
Game mode
Random Map
Map size
Tiny (2 player)
Population
200
Speed
Normal
Resources
Standard
Victory
Conquest
Starting age
Dark Age
Ending age
Imperial Age
RankedLock teamsTeams togetherTeam positionsShared explorationLock speedFull tech treeHidden civsTurbo modeCheats
Victory
Defeat
🇪🇸 Goths · Spain
681
+15
vs
🇷🇺 Celts · Russia
656
-15
A V A N G A R D
3:02 Loom
12:39 Feudal Age
13:07 Town Watch
13:11 Double-Bit Axe
15:05 Gold Mining
15:12 Fishing Lines
19:00 Castle Age
18:02 Man-at-Arms
19:57 Bow Saw
20:04 Horse Collar
20:32 Stone Mining
22:02 Wheelbarrow
21:37 Heavy Plow
22:36 Stone Shaft Mining
21:26 Pikeman
22:21 Gillnets
24:57 Long Swordsman
27:05 Hand Cart
28:10 Gold Shaft Mining
28:46 Light Cavalry
29:42 Crossbowman
31:17 Forging
32:54 Gambesons
33:50 Iron Casting
33:16 Scale Mail Armor
39:23 Imperial Age
36:58 Husbandry
37:50 Padded Archer Armor
37:40 Fletching
40:33 Conscription
41:12 Town Patrol
41:37 Leather Archer Armor
41:17 Bodkin Arrow
OnagerParty
12:02 Feudal Age
15:44 Castle Age
13:39 Double-Bit Axe
13:35 Horse Collar
17:31 Bow Saw
18:17 Wheelbarrow
24:18 Heavy Plow
24:24 Loom
24:50 Gold Mining
27:25 Hand Cart
26:56 Town Watch
27:24 Forging
27:14 Scale Mail Armor
27:54 Man-at-Arms
28:34 Squires
29:12 Iron Casting
28:53 Long Swordsman
29:52 Medium Warships
29:02 Demolition Ship
31:23 Chain Mail Armor
35:30 Imperial Age
33:01 Town Patrol
33:47 Anarchy
33:41 Fletching
33:17 Pikeman
35:33 Elite Huskarl
36:13 Perfusion
36:34 Conscription
35:35 Two-Handed Swordsman
36:42 Herbal Medicine
36:16 Champion
37:59 Blast Furnace
36:56 Bodkin Arrow
37:13 Heavy Demolition Ship
38:20 Heavy Warships
39:05 Chemistry
38:26 Ballistics
37:47 Treadmill Crane
38:17 Masonry
38:03 Murder Holes
38:15 Siphons
38:36 Shipwright
38:34 Careening
39:34 Bracer
39:07 Sappers
Connection lost

Rejoining the realm…

Still unreachable

The connection could not be restored.

Session expired

The server has moved on; the page needs a fresh start.